Map: Ulrena

Players

FestisLime - Winner!

  • Race: Terran Terran
  • League: Gold
  • Spawn Location: 11:00

zidar

  • Race: Zerg Zerg
  • League: Gold
  • Spawn Location: 7:00

VOD

Have the link to the VOD?

Description

Time

  • Played on: June 11, 2016, 8:12 a.m.
  • Length: 8:16
Show
View Real Time Build Order
Export as new Build Order

FestisLime Terran - Winner!

Build Orders: Reaper Expand 

Get SALT Encoding   

  12  0:01  SCV  
  13  0:13  SCV  
  14  0:17  Supply Depot  
  14  0:25  SCV  
  15  0:39  SCV  
  15  0:41  Barracks  
  16  0:44  Refinery  
  16  0:51  SCV  
  17  1:03  SCV  
  18  1:15  SCV  
  19  1:29  Reaper  
  20  1:33  Orbital Command  
  20  1:44  Command Center  
  20  1:58  Supply Depot  
  20  1:59  SCV  
  20  2:01  Marine  
  22  2:14  Factory  
  22  2:15  SCV  
  23  2:20  Marine  
  24  2:27  SCV  
  25  2:37  Marine  
  25  2:40  SCV  
  26  2:52  SCV  
  26  2:55  Refinery  
  26  2:56  Barracks  
  27  2:59  Factory Tech Lab  
  27  3:01  Starport  
  27  3:03  Barracks Tech Lab  
  27  3:08  Bunker, Orbital Command  
  27  3:14  SCV  
  28  3:27  SCV  
  29  3:50  Marauder  
  29  3:54  Barracks Reactor  
  31  3:59  Barracks, Siege Tank  
  31  4:01  Barracks  
  34  4:03  Refinery  
  34  4:06  SCV x2  
  36  4:12  Stimpack  
  36  4:22  Marine  
  37  4:29  SCV x2  
  39  4:39  Marine x2  
  39  4:40  Bunker  
  39  4:43  Marine  
  42  4:46  Medivac  
  44  4:55  Marine x2  
  44  4:57  Marine  
  46  5:15  Supply Depot  
  46  5:17  Marine x4, SCV, Siege Tank  
  46  5:18  Supply Depot  
  54  5:23  Starport Reactor  
  54  5:36  Marine x5  
  54  5:40  Engineering Bay  
  59  5:43  Engineering Bay  
  59  5:54  Marine x4  
  51  6:12  Marine  
  51  6:14  SCV  
  55  6:25  Marine, Marauder  
  56  6:28  Barracks Reactor, Medivac x2  
  56  6:30  Marine  
  61  6:38  SCV  
  61  6:39  SCV  
  63  6:43  Marine  
  63  6:46  Marauder  
  66  6:47  Command Center  
  66  6:49  Marine  
  66  6:51  SCV  
  68  6:58  Medivac  
  70  7:50  Marine  
  70  7:52  Marine x2  
Show
View Real Time Build Order
Export as new Build Order

zidar Zerg 

Build Orders: Hatch First, Muta Ling Bane 

Get SALT Encoding   

  12  0:01  Drone  
  13  0:12  Overlord  
  13  0:17  Drone  
  14  0:30  Drone x2  
  14  0:34  Drone  
  17  0:57  Hatchery  
  17  0:58  Drone  
  17  1:06  Drone  
  17  1:10  Extractor  
  17  1:11  Drone  
  18  1:26  Spawning Pool  
  17  1:34  Drone  
  17  1:35  Drone  
  19  1:47  Drone  
  20  1:59  Drone  
  21  2:04  Overlord  
  21  2:11  Extractor  
  21  2:13  Metabolic Boost  
  21  2:14  Queen  
  22  2:17  Queen  
  22  2:49  Drone  
  23  2:57  Overlord  
  23  3:12  Drone x6  
  29  3:27  Pneumatized Carapace  
  29  3:29  Zergling x4  
  29  3:32  Zergling x2  
  32  3:34  Zergling x2  
  32  3:36  Zergling x2  
  34  3:45  Baneling Nest  
  33  3:49  Lair  
  33  4:13  Hatchery  
  30  4:28  Drone  
  30  4:29  Drone x5  
  36  4:36  Drone x5  
  41  4:44  Extractor  
  40  4:50  Extractor  
  39  5:03  Queen  
  39  5:06  Centrifical Hooks  
  41  5:14  Spire  
  40  5:32  Evolution Chamber  
  40  5:34  Zergling x6  
  40  5:35  Zergling x10  
  47  5:37  Evolution Chamber  
  47  5:40  Drone x2  
  48  5:45  Overlord  
  38  6:17  Drone x5  
  43  6:19  Queen  
  45  6:27  Mutalisk x3  
  45  6:30  Mutalisk  
  53  6:47  Drone x3  
  56  7:04  Overlord  
  56  7:18  Baneling x4  
  56  7:20  Zergling x2  
  56  7:22  Queen  
  59  7:29  Zergling x2  
  60  7:30  Zergling x10  
  60  7:42  Zergling x6  
  60  7:43  Zergling x10  
Tags
 
Add a new tag
Caveats
  • Supply blocks, unpowered buildings, or Contaminate may cause inaccurate times.
  • Supply counts are checked every 10 seconds.